 Dungeon Crawl Stone Soup version 0.25-a0-424-g80bd347 (webtiles) character file.

Game seed: 10663017444057594157, levelgen mode: deterministic

81 15 the Firebug (level 4, -3/25 HPs)
             Began as a Tengu Fire Elementalist on Jan 22, 2020.
             Slain by a worm (5 damage)
             ... on level 2 of the Dungeon on Jan 24, 2020.
             The game lasted 00:10:18 (1996 turns).

15 the Firebug (Tengu Fire Elementalist)            Turns: 1996, Time: 00:10:18

Health: -3/25      AC:  2    Str: 11    XL:     4   Next: 42%
Magic:  0/8        EV: 13    Int: 16    God:
Gold:   99         SH:  0    Dex: 16    Spells: 3/7 levels left

rFire    . . .     SeeInvis .   e - +0 dagger
rCold    . . .     Gourm    .   (no shield)
rNeg     . . .     Faith    .   a - +0 robe
rPois    .         Spirit   .   (helmet restricted)
rElec    .         Reflect  .   (no cloak)
rCorr    .         Harm     .   (no gloves)
MR       .....                  (boots unavailable)
Stlth    ++........             (no amulet)
HPRegen  0.08/turn              (no ring)
MPRegen  0.11/turn              (no ring)

@: about to teleport
A: beak, horns 1, talons 3, agile 1, strong 1
a: no special abilities


You were on level 2 of the Dungeon.
You were not hungry.

You visited 1 branch of the dungeon, and saw 2 of its levels.

You collected 99 gold pieces.

Inventory:

Hand Weapons
 e - a +0 dagger (weapon)
 g - a +0 whip
Missiles
 j - 3 atropa-tipped darts (quivered)
 n - 12 poisoned darts
Armour
 a - a +0 robe (worn)
Scrolls
 d - 3 scrolls of identify
 h - a scroll of enchant armour {unknown}
 i - a scroll of magic mapping {unknown}
 l - 3 scrolls of random uselessness {unknown}
 m - a scroll of amnesia {unknown}
Comestibles
 c - 6 rations
 f - 3 chunks of flesh


   Skills:
 * Level 1.0 Fighting
 + Level 0.1 Short Blades
 * Level 1.0 Armour
 * Level 3.0 Dodging
 + Level 2.2 Stealth
 + Level 2.3 Spellcasting
 * Level 2.4 Conjurations
 + Level 3.8 Fire Magic


You had 3 spell levels left.
You knew the following spells:

 Your Spells              Type           Power        Failure   Level  Hunger
a - Foxfire               Conj/Fire      ##..         5%          1    #......
b - Conjure Flame         Conj/Fire      ##......     17%         3    ###....

Your spell library contained the following spells:

 Spells                   Type           Power        Failure   Level  Hunger
 Inner Flame              Hex/Fire       #.......     26%         3    ###....
 Sticky Flame             Conj/Fire      ##......     50%         4    #####..
 Fireball                 Conj/Fire      ##........   83%         5    ######.


Dungeon Overview and Level Annotations

Branches:
Dungeon (2/15)

Altars:
Zin
The Shining One

Annotations:
D:2 Natasha


Innate Abilities, Weirdness & Mutations

You have a beak for a mouth.
You have claws for feet.
You have a pair of small horns on your head.
You are agile. (Dex +2)
Your muscles are strong. (Str +2)


Message History

Natasha stares at your foxfire and mumbles some strange words.
Your foxfire is unaffected.
Casting: Foxfire (safe; 5% risk of failure)
Confirm with . or Enter, or press ? or * to list all spells.
You conjure some foxfire!
Natasha mumbles some strange words.
Natasha glows brightly for a moment.
Really walk into that cloud of flame?
You are engulfed in blazing flames.
Ouch! That really hurt!
You hit the worm but do no damage.
Natasha is no longer blind.
You hit the worm. Your kick misses the worm. You peck the worm.
The worm is moderately wounded.
Your foxfire dissipates! x2
The worm bites you!
* * * LOW HITPOINT WARNING * * *
You aren't carrying any potions.
As you read the scroll of teleportation, it crumbles to dust.
You feel strangely unstable. The worm bites you.
You die...

#.# #.# #..###..##.###### #.#
#.# ##..##.##..#.##...# #.##
#.###..##...##...##.#.. ...##
#.##..##.....##...<...# ....#
##....##(......##...#.## ##.##
#...### ..._... ###...##
##.######.....##h(.....##...####
#.........##..#w(....##........
##.###########.@##...##..#######
##.## ##§.# ##..## ..##
##.§###..## ..# #..#..## #.#
#.#.## #.## #...# ###### ...#
##.## #....# ...## #.# #.##.#
....## #.######.##.#


You could see a worm and Natasha.

Vanquished Creatures
  4 adders (D:2)
  2 oozes
  A dart slug (D:1)
  4 bats
  A giant cockroach (D:1)
  2 goblins (D:1)
  5 hobgoblins
  5 jackals
  4 kobolds
  2 frilled lizards
  5 rats
35 creatures vanquished.

Vanquished Creatures (others)
  74 foxfires
74 creatures vanquished.

Grand Total: 109 creatures vanquished

Notes
Turn   | Place    | Note
-------+----------+-------------------------------------------
     0 | D:1      | 15 the Tengu Fire Elementalist began the quest for the Orb.
     0 | D:1      | Reached XP level 1. HP: 10/10 MP: 4/4
   388 | D:1      | Reached XP level 2. HP: 10/16 MP: 0/6
   580 | D:1      | Reached XP level 3. HP: 19/20 MP: 1/7
   596 | D:1      | Learned a level 3 spell: Conjure Flame
  1102 | D:2      | Reached XP level 4. HP: 24/24 MP: 4/8
  1133 | D:2      | Found a glowing silver altar of Zin.
  1189 | D:2      | Noticed Natasha
  1197 | D:2      | Gained mutation: You have a pair of small horns on your
                  | head. [potion of mutation]
  1197 | D:2      | Gained mutation: You are agile. (Dex +2) [potion of
                  | mutation]
  1197 | D:2      | Gained mutation: Your muscles are strong. (Str +2) [potion
                  | of mutation]
  1597 | D:2      | Found a glowing golden altar of the Shining One.
  1655 | D:2      | Reached skill level 1 in Fighting
  1768 | D:2      | Reached skill level 1 in Armour
  1996 | D:2      | Slain by a worm

Levels and vault maps discovered:
D:1:      matt_arrival_los_fun, layout_basic
D:2:      layout_loops_corners, tso_metal_star, zin_statuary, uniq_natasha

Skill      XL: |  1  2  3  4 |
---------------+-------------+-----
Conjurations   | 2 |  2.4
Dodging        | 3 |  3.0
Fighting       | 1 |  1.0
Armour         | 1 |  1.0
Short Blades   | |  0.1
Stealth        | |  2.2
Spellcasting   | |  2.3
Fire Magic     | |  3.8

Action                   |  1- 3 |  4- 6 || total
-------------------------+-------+-------++-------
Melee: Unarmed           |     6 |       ||     6
       Kick              |     7 |     6 ||    13
       Club              |     9 |       ||     9
       Peck              |     7 |     2 ||     9
       Dagger            |    16 |    16 ||    32
       Whip              |     1 |       ||     1
       Headbutt          |       |     1 ||     1
Throw: Dart              |       |     4 ||     4
 Cast: Foxfire           |    30 |    22 ||    52
       Conjure Flame     |       |     2 ||     2
  Use: Scroll            |     1 |     4 ||     5
       Potion            |       |     2 ||     2
 Stab: Sleeping          |     3 |     1 ||     4
  Eat: Chunk             |       |     4 ||     4
Armor: Robe              |     7 |     1 ||     8
Dodge: Dodged            |    25 |     9 ||    34

Table legend:
 A = Non-vault XP
 B = Vault XP
 C = Vault XP percentage of total XP
 D = Non-vault monster count
 E = Vault monster count
 F = Vault count percentage of total count
                 A         B        C        D         E       F
            +---------+---------+-------+---------+---------+-------
      Total |     117 |       0 |   0.0 |      35 |       0 |   0.0
            +---------+---------+-------+---------+---------+-------
        D:1 |      38 |       0 |   0.0 |      18 |       0 |   0.0
        D:2 |      79 |       0 |   0.0 |      17 |       0 |   0.0
            +---------+---------+-------+---------+---------+-------
